 Dungeon Crawl Stone Soup version 0.22.1-6-g1668fe2 (webtiles) character file.

6281 greenice the Fencer (level 10, -3/76 (77) HPs)
             Began as a Minotaur Fighter on Jan 28, 2019.
             Was a Priest of Okawaru.
             Slain by an orc knight
             ... wielding a +0 war axe
              (19 damage)
             ... in a bailey.
             The game lasted 00:17:30 (8183 turns).

greenice the Fencer (Minotaur Fighter)              Turns: 8183, Time: 00:17:30

HP:   -3/76 (77)    AC: 12    Str: 26    XL:     10   Next: 63%
MP:   8/9           EV:  7    Int:  7    God:    Okawaru [***...]
Gold: 285           SH: 10    Dex: 13    Spells: 9/9 levels left

rFire    + . .     SeeInvis .   e - +7 long sword of Zowneted {venom, rElec rPois Int+2}
rCold    . . .     Gourm    .   c - +0 shield
rNeg     . . .     Faith    .   a - +2 scale mail {rF+}
rPois    +         Spirit   .   (helmet restricted)
rElec    +         Reflect  .   n - +0 cloak
rCorr    .         Harm     .   (no gloves)
MR       .....                  p - +1 pair of boots
Stlth    ..........             (no amulet)
HPRegen  0.22/turn              o - ring of poison resistance
MPRegen  0.11/turn              (no ring)

@: mighty
A: retaliatory headbutt, horns 2
a: Heroism, Renounce Religion


You were in a bailey.
You worshipped Okawaru.
Okawaru was most pleased with you.
You were not hungry.

You visited 2 branches of the dungeon, and saw 9 of its levels.
You also visited: Bailey.

You collected 285 gold pieces.

Inventory:

Hand Weapons
 e - the +7 long sword of Zowneted (weapon) {venom, rElec rPois Int+2}
   (You took it off an orc on level 7 of the Dungeon)

   It poisons the flesh of those it strikes.
   It affects your intelligence (+2).
   It insulates you from electricity.
   It protects you from poison.
 j - a +4 scimitar of flaming
Missiles
 s - 3 curare-tipped needles (quivered)
Armour
 a - a +2 scale mail of fire resistance (worn)
 c - a +0 shield (worn)
 n - a +0 cloak (worn)
 p - a +1 pair of boots (worn)
 q - a +1 plate armour
Jewellery
 o - a ring of poison resistance (left hand)
Wands
 k - a wand of acid (3)
 x - a wand of iceblast (5)
Scrolls
 g - 5 scrolls of identify
 h - 2 scrolls of blinking
 i - 2 scrolls of enchant weapon
 m - a scroll of teleportation
 y - 2 scrolls of remove curse
Potions
 d - a potion of might
 r - 3 potions of curing {unknown}
 v - 2 potions of agility {unknown}
 w - a potion of berserk rage {unknown}
 z - 2 potions of lignification {unknown}
 A - 2 potions of heal wounds {unknown}
 C - 2 potions of flight {unknown}
Comestibles
 f - 10 rations


   Skills:
 - Level 3.6 Fighting
 + Level 17.8 Long Blades
 - Level 3.6 Armour
 - Level 3.6 Shields


You had 9 spell levels left.
You didn't know any spells.
Your spell library contained the following spells:

 Spells                   Type           Power        Failure   Level  Hunger
 Sandblast                Erth           #.....       99%         1    ##.....
 Shock                    Conj/Air       #...         99%         1    ##.....
 Passwall                 Tmut/Erth      #.......     100%        2    ###....
 Swiftness                Chrm/Air       #.......     100%        2    ###....
 Static Discharge         Conj/Air       #.......     100%        3    ####...
 Stone Arrow              Conj/Erth      #.....       100%        3    ####...
 Airstrike                Air            #.........   100%        4    #####..
 Petrify                  Tmut/Erth      #.......     100%        4    #####..
 Lee's Rapid Deconstruct  Erth           #.........   100%        5    ######.
 Lightning Bolt           Conj/Air       #.........   100%        5    ######.


Dungeon Overview and Level Annotations

Branches:
Dungeon (8/15)             Temple (1/1) D:6            Lair (0/6) D:8

Altars:
Ashenzari
Cheibriados
Dithmenos
Elyvilon
Fedhas
Gozag
Hepliaklqana
Kikubaaqudgha
Makhleb
Nemelex Xobeh
Okawaru
Ru
Sif Muna
Trog
Uskayaw
Vehumet
Wu Jian
Xom
Yredelemnul
Zin

Annotations:
D:7 3 runed doors, Curus's ghost, novice MiFi


Innate Abilities, Weirdness & Mutations

You reflexively headbutt those who attack you in melee.
You have a pair of horns on your head.


Message History

You slash the orc knight!
The orc knight is poisoned.
You headbutt the orc knight.
The orc knight is moderately wounded.
You block the orc knight's attack. You block the gnoll's attack.
You slash the orc knight!
The orc knight looks as sick as possible!
You headbutt the orc knight.
The orc knight is severely wounded.
The orc knight hits you with a war axe!!
* * * LOW HITPOINT WARNING * * *
You block the gnoll's attack.
You hit the orc knight.
The orc knight is severely wounded.
Unknown command.
You slash the orc knight!
The orc knight looks as sick as possible!
The orc knight is almost dead.
You feel like a meek peon again.
The orc knight hits you with a war axe!!
You die...

#.......#
##.......##
#.........#
#.........##
#.....⌠.....# +##
##.........##
8.88 #.........#
.....
##......)##g.....
#.......@ogo....
##.....##ggg....
####### gg..⌠..
....... .......
#...... ?!...!
#!!∩!!


You could see an orc knight, an orc warrior, 2 gnolls, 3 hobgoblins and 2
goblins.

Vanquished Creatures
  Harold (D:8)
  Erica (D:8)
  An orc knight (Bailey)
  Joseph (D:8)
  Prince Ribbit (D:5)
  A hippogriff (D:7)
  A hungry ghost (D:8)
  A steam dragon (D:8)
  3 sky beasts
  An ice beast (D:5)
  3 orc warriors
  A black bear (D:8)
  A necrophage (D:8)
  3 ogres
  2 bullfrogs (D:7)
  A wyvern skeleton (D:7)
  3 scorpions
  7 crimson imps
  A centaur zombie (D:7)
  A howler monkey (D:7)
  5 hounds
  A jelly (D:7)
  A bullfrog skeleton (D:8)
  8 orc priests
  4 iguanas
  8 orc wizards
  11 worker ants
  A killer bee zombie (D:7)
  A hound zombie (D:7)
  A hound skeleton (D:4)
  A mummy (D:7)
  A worker ant zombie (D:8)
  18 gnolls
  10 adders
  7 oozes
  An adder skeleton (D:3)
  3 dart slugs
  4 leopard geckos
  28 orcs
  4 giant cockroaches
  17 goblins
  17 hobgoblins
  16 jackals
  6 quokkas
  A ball python (D:4)
  7 bats
  5 frilled lizards
  A goblin zombie (D:7)
  A jackal zombie (D:5)
  9 kobolds
  An orc zombie (D:7)
  A quokka skeleton (D:5)
  7 rats
242 creatures vanquished.

Vanquished Creatures (others)
  Maurice (D:8)
1 creature vanquished.

Grand Total: 243 creatures vanquished

Notes
Turn   | Place    | Note
-------+----------+-------------------------------------------
     0 | D:1      | greenice the Minotaur Fighter began the quest for the Orb.
     0 | D:1      | Reached XP level 1. HP: 19/19 MP: 0/0
    57 | D:1      | Reached skill level 3 in Long Blades
    59 | D:1      | Reached XP level 2. HP: 26/26 MP: 1/1
   201 | D:1      | Reached skill level 4 in Long Blades
   366 | D:1      | Reached XP level 3. HP: 31/31 MP: 2/2
   761 | D:2      | Reached skill level 5 in Long Blades
   998 | D:2      | Reached XP level 4. HP: 34/39 MP: 3/3
  1502 | D:2      | Reached skill level 6 in Long Blades
  1997 | D:3      | Reached XP level 5. HP: 45/45 MP: 4/4
  2712 | D:3      | Reached skill level 7 in Long Blades
  2851 | D:4      | You fall through a shaft for 3 floors!
  2864 | D:7      | Reached XP level 6. HP: 37/51 MP: 5/5
  3011 | D:7      | Reached skill level 8 in Long Blades
  3087 | D:6      | Noticed a sky beast
  3112 | D:7      | Killed a sky beast
  3112 | D:7      | Reached skill level 9 in Long Blades
  3139 | D:5      | Entered Level 5 of the Dungeon
  3158 | D:5      | Reached XP level 7. HP: 46/57 MP: 6/6
  3602 | D:4      | Reached skill level 10 in Long Blades
  4260 | D:5      | Reached skill level 11 in Long Blades
  4374 | D:5      | Reached XP level 8. HP: 53/64 MP: 7/7
  4480 | D:5      | Noticed Prince Ribbit
  4508 | D:5      | Reached skill level 12 in Long Blades
  4758 | D:5      | Killed Prince Ribbit
  5322 | D:6      | Found a burning altar of Makhleb.
  5322 | D:6      | Found a sacrificial altar of Ru.
  5323 | D:6      | Found a blossoming altar of Fedhas.
  5384 | D:6      | Reached skill level 13 in Long Blades
  5818 | D:6      | Found a staircase to the Ecumenical Temple.
  5829 | Temple   | Entered the Ecumenical Temple
  5835 | Temple   | Became a worshipper of Warmaster Okawaru
  6036 | D:7      | Reached XP level 9. HP: 55/70 MP: 8/8
  6210 | D:7      | Reached skill level 14 in Long Blades
  6222 | D:7      | Got a dazzling long sword {venom}
  6225 | D:7      | Identified the +7 long sword of Zowneted {venom, rElec
                  | rPois Int+2} (You took it off an orc on level 7 of the
                  | Dungeon)
  6263 | D:7      | Found a shattered altar of Ashenzari.
  6282 | D:7      | Reached * piety under Okawaru
  6808 | D:7      | Found a runed gate.
  6809 | D:7      | Found a runed gate.
  6809 | D:7      | Found a runed gate.
  6809 | D:7      | Noticed a kobold demonologist
  6820 | D:7      | Reached skill level 15 in Long Blades
  6840 | D:7      | Noticed Curus's ghost (novice MiFi)
  7388 | D:8      | Noticed Harold
  7398 | D:8      | Killed Harold
  7475 | D:8      | Noticed Erica
  7484 | D:8      | Killed Erica
  7484 | D:8      | Reached ** piety under Okawaru
  7484 | D:8      | Reached skill level 16 in Long Blades
  7484 | D:8      | Reached XP level 10. HP: 52/77 MP: 9/9
  7749 | D:8      | Found a staircase to the Lair.
  7754 | D:8      | Noticed Maurice
  7786 | D:8      | Noticed Joseph
  7934 | D:8      | Killed Joseph
  7934 | D:8      | Reached *** piety under Okawaru
  7934 | D:8      | Reached skill level 17 in Long Blades
  7953 | D:8      | Killed Maurice
  7960 | D:8      | Found a flagged portal.
  7966 | Bailey   | Entered a bailey
  8170 | Bailey   | Noticed an orc knight
  8170 | Bailey   | Noticed an orc knight
  8178 | Bailey   | Killed an orc knight
  8183 | Bailey   | Slain by an orc knight

Skill      XL: |  1  2  3  4  5  6  7  8  9 10 |
---------------+-------------------------------+-----
Long Blades    | 3 4 5 6 7 9 11 13 16 17 | 17.8
Fighting       | |  3.6
Armour         | |  3.6
Shields        | |  3.6

Action                   |  1- 3 |  4- 6 |  7- 9 | 10-12 || total
-------------------------+-------+-------+-------+-------++-------
Melee: Long sword        |    88 |   159 |   318 |   113 ||   678
       Headbutt          |    19 |    31 |    67 |    21 ||   138
Invok: Heroism           |       |       |       |     1 ||     1
  Use: Potion            |       |     2 |     1 |     1 ||     4
       Scroll            |       |       |    11 |       ||    11
  Eat: Chunk             |       |     7 |    10 |     3 ||    20
       Ration            |       |       |     2 |       ||     2
Armor: Scale mail        |    43 |    73 |   125 |    31 ||   272
Dodge: Dodged            |    23 |    41 |    66 |    20 ||   150
Block: Shield            |    45 |    65 |   111 |    32 ||   253
       Rpst.: Long sword |     6 |    11 |    17 |     3 ||    37
